 Dungeon Crawl Stone Soup version 0.31-a0-865-g3d5d91748a (webtiles) character file.

Game seed: 4733008881473476540

187305 kae the Axe Maniac (level 18, -4/166 HPs)
             Began as a Hill Orc Fighter on Oct 10, 2023.
             Was the Champion of Makhleb.
             Slain by Agnes
             ... wielding a +6 lajatang of electrocution
              (13 damage)
             ... on level 4 of the Snake Pit.
             The game lasted 00:29:11 (34505 turns).

kae the Axe Maniac (Hill Orc Fighter)              Turns: 34505, Time: 00:29:12

Health: -4/166     AC: 30    Str: 33    XL:     18   Next: 50%
Magic:  30/30      EV: 12    Int:  8    God:    Makhleb [******]
Gold:   1389       SH:  5    Dex: 10    Spells: 17/17 levels left

rFire   . . .        a - +5 battleaxe (heavy)
rCold   . . .        (shield currently unavailable)
rNeg    . . .        k - +2 chain mail {rPois}
rPois   +            q - +1 helmet
rElec   .            r - +1 cloak
rCorr   +            A - +2 pair of gloves {Stlth+}
SInv    .            s - +1 pair of boots
Will    ++...        U - amulet of Otoulo {Reflect Will+ rCorr SH+5} Stlth
                     O - +4 ring of protection
HPRegen 0.47/turn    S - +6 ring of strength
MPRegen 0.22/turn

%: reflection
@: studying Short Blades
A: no striking features
a: Renounce Religion, Minor Destruction, Lesser Servant of Makhleb, Major
Destruction, Greater Servant of Makhleb


You were on level 4 of the Snake Pit.
You worshipped Makhleb.
Makhleb was exalted by your worship.
You visited 5 branches of the dungeon, and saw 27 of its levels.
You visited the Abyss 1 time.
You visited 1 bazaar.
You also visited: Bailey.

You collected 2815 gold pieces.
You spent 1426 gold pieces at shops.


   Skills:
 + Level 15.7 Fighting
 O Level 27 Axes
 + Level 14.5 Armour
 + Level 8.6 Dodging
 - Level 8.0 Shields
 + Level 16.0 Invocations
 + Level 3.4 Evocations


You had 17 spell levels left.
You didn't know any spells.
Your spell library contained the following spells:

 Spells                   Type           Power      Damage    Failure   Level
 Freeze                   Ice            0%         1d3       73%         1
 Necrotise                Necr           0%         1d4       73%         1
 Shock                    Conj/Air       0%         1d3       73%         1
 Poisonous Vapours        Pois/Air       0%         N/A       86%         2
 Dazzling Flash           Conj/Hex       0%         N/A       97%         3
 Frozen Ramparts          Ice            0%         1d1       97%         3
 Gell's Gravitas          Tloc           0%         N/A       97%         3
 Hailstorm                Conj/Ice       0%         3d3       97%         3
 Mephitic Cloud           Conj/Pois/Air  0%         N/A       97%         3
 Swiftness                Air            0%         N/A       97%         3
 Teleport Other           Tloc           0%         N/A       97%         3
 Vampiric Draining        Necr           0%         2d6       97%         3
 Volatile Blastmotes      Fire/Tloc      0%         2d10      97%         3
 Airstrike                Air            0%         2d(0-16)  100%        4
 Anguish                  Hex/Necr       0%         N/A       100%        4
 Brom's Barrelling Bould  Conj/Erth      0%         2d3       100%        4
 Cause Fear               Hex            0%         N/A       100%        4
 Leda's Liquefaction      Hex/Erth       0%         N/A       100%        4
 Manifold Assault         Tloc           0%         N/A       100%        4
 Petrify                  Tmut/Erth      0%         N/A       100%        4
 Summon Ice Beast         Ice/Summ       0%         N/A       100%        4
 Agony                    Necr           0%         N/A       100%        5
 Fireball                 Conj/Fire      0%         3d3       100%        5
 Freezing Cloud           Conj/Ice/Air   0%         6-21      100%        5
 Iskenderun's Battlesphe  Conj           0%         2d6       100%        5
 Lee's Rapid Deconstruct  Erth           0%         3d4*      100%        5
 Metabolic Englaciation   Hex/Ice        0%         N/A       100%        5
 Summon Mana Viper        Hex/Summ       0%         N/A       100%        5
 Bombard                  Conj/Erth      0%         9d1       100%        6
 Conjure Ball Lightning   Conj/Air       0%         3x3d6     100%        6
 Dispersal                Tloc           0%         N/A       100%        6
 Simulacrum               Ice/Necr       0%         N/A       100%        6
 Starburst                Conj/Fire      0%         6d3       100%        6
 Enfeeble                 Hex            0%         N/A       100%        7
 Monstrous Menagerie      Summ           0%         N/A       100%        7
 Orb of Destruction       Conj           0%         9d5       100%        7
 Disjunction              Tloc           0%         N/A       100%        8
 Maxwell's Capacitive Co  Air            0%         ∞         100%        8

Inventory:

Hand Weapons
 a - a +5 heavy battleaxe (weapon)
   (You took it off an orc knight on level 2 of the Orcish Mines)
 b - a +1 broad axe of flaming
   (You took it off an orc warrior on level 9 of the Dungeon)
Missiles
 g - 6 silver javelins
Armour
 k - a +2 chain mail of poison resistance (worn)
   (You found it on level 2 of the Dungeon)
 q - a +1 helmet (worn)
   (You found it on level 4 of the Dungeon)
 r - a +1 cloak (worn)
   (You found it on level 4 of the Dungeon)
 s - a +1 pair of boots (worn)
   (You found it on level 3 of the Dungeon)
 A - a +2 pair of gloves of stealth (worn)
   (You found it in a bailey)
Jewellery
 c - a ring of protection from cold
   (You found it on level 4 of the Lair of Beasts)
 C - a ring of protection from cold
   (You found it on level 4 of the Lair of Beasts)
 N - a ring of positive energy
   (You found it on level 2 of the Lair of Beasts)
 O - a +4 ring of protection (left hand)
   (You took it off a kobold on level 2 of the Dungeon)
 S - a +6 ring of strength (right hand)
   (You found it on level 6 of the Dungeon)
 U - the amulet of Otoulo (around neck) {Reflect Will+ rCorr SH+5}
   (You bought it in a shop on level 1 of the Snake Pit)

   [amulet of reflection]

   Reflect:   It reflects blocked missile attacks.
   Will+:     It increases your willpower.
   rCorr:     It protects you from acid and corrosion.
   SH+5:      It affects your SH (+5).
 W - a ring of magical power
   (You found it on level 2 of the Dungeon)
Wands
 l - a wand of quicksilver (34)
   (You found it on level 5 of the Dungeon)
 v - a wand of iceblast (11)
   (You found it on level 13 of the Dungeon)
 B - a wand of paralysis (18)
   (You found it on level 7 of the Dungeon)
 D - a wand of polymorph (6)
   (You found it on level 2 of the Snake Pit)
 J - a wand of flame (29)
   (You found it on level 9 of the Dungeon)
 Z - a wand of digging (8)
   (You found it on level 5 of the Lair of Beasts)
Scrolls
 n - a scroll of fear
 x - 3 scrolls of immolation {!r!r}
 y - 6 scrolls of vulnerability {!r!r}
 F - 2 scrolls of amnesia
 M - 4 scrolls of identify {@r1}
 Q - 2 scrolls of blinking {!r}
 V - a scroll of torment {!r}
 X - 4 scrolls of teleportation {@r4}
 Y - 3 scrolls of poison
Potions
 d - 4 potions of might
 e - 3 potions of attraction {!q}
 f - 3 potions of magic
 h - 2 potions of lignification {!q}
 i - 5 potions of heal wounds {@q2}
 j - 8 potions of curing {@q1}
 m - 2 potions of brilliance
 o - 3 potions of invisibility
 p - 5 potions of haste {@q3}
 t - 4 potions of resistance
 w - 3 potions of enlightenment
 z - 4 potions of mutation {!q}
 I - 4 potions of cancellation
 P - 2 potions of ambrosia
Miscellaneous
 u - a tin of tremorstones (2/2)
   (You found it on level 12 of the Dungeon)
 E - a lightning rod (4/4)
   (You found it on level 5 of the Lair of Beasts)
 G - a phial of floods
   (You found it on level 3 of the Snake Pit)

Dungeon Overview and Level Annotations

Branches:
Dungeon (15/15) Zot: 25537  Temple (1/1) D:4 Zot: 5981    Lair (5/5) D:8 Zot: 22777
 Shoals (0/4) Lair:2        Snake (4/4) Lair:3 Zot: 18718   Slime (0/5) Lair:4
    Orc (2/2) D:12 Zot: 9284     Elf (0/3) Orc:2        Vaults (0/5) D:13
 Depths (0/4) D:15         Bailey (visited)

Altars:
Ashenzari
Cheibriados
Dithmenos
Elyvilon
Fedhas
Gozag
Hepliaklqana
Kikubaaqudgha
Makhleb
Nemelex Xobeh
Okawaru
Qazlal
Ru
Sif Muna
Trog
Uskayaw
Vehumet
Wu Jian
Xom
Yredelemnul
Zin
The Shining One
Beogh
Jiyva

Shops:
D:4 ?:=   D:7 *   Orc:2 ==(:   Snake:1 *=[?[

Portals:
Hell: Lair:5

Annotations:
Snake:4 exclusions: door and 3 more exclusions, Agnes

*,,,,* *** ***,,,,,,,,#........
*,****************,,,,##.......
*,,,,,,,,,,,,,,,,**,,,,#.......
*,,,,,,,,,,,,,,,,,**,,,##......
******#######,,,,,,*,,,*##...##
###.....###,,,**,,,* #.###.
##.........##,**,,.,* #.#...
#...........#+#....**##.#.))
##....#'#...@i......*##..'..)
#....##.##.........#*#...####
#...##...###.....### #......#
#...#......###########.......
#...##.......................
#....##......................
##....################.......
#........### ####.##........
##.........###....+#...)....


You could see Agnes.


Message History

Key pressed, stopping explore.
There is an open door here.
There is an open door here.
You open the door.
There is an open door here.
p - 5 potions of haste {@q3} (gained 2)
A shock serpent comes into view.
The shock serpent hisses angrily. 😎 HP[+7]
Your hp is fully restored (166).
A shock serpent is nearby!
A shock serpent is nearby!
A shock serpent is nearby!
The shock serpent shoots out a bolt of lightning at you!
The bolt of electricity hits you! 😕 HP[-14]
You take 14 damage, and now have 152/166 hp.
A shock serpent is nearby!
You block the shock serpent's attack.
The shock serpent shoots out a bolt of lightning at you!
The bolt of electricity hits you!
You chop the shock serpent into pieces!!!
The shock serpent's electric aura discharges violently, shocking you!
You block the shock serpent's attack.
The shock serpent shoots out a bolt of lightning at you!
The bolt of electricity hits you!
You are too injured to fight recklessly!
You are too injured to fight recklessly!
A shock serpent is nearby! 😮 HP[-42]
You take 42 damage, and now have 110/166 hp.
MASSIVE DAMAGE!! (PAUSE)
You are too injured to fight recklessly!
You are too injured to fight recklessly!
You cut the shock serpent into ribbons!!!!
You kill the shock serpent!
Makhleb accepts your kill.
You feel better.
The air sparks with electricity, shocking you!
You are too injured to fight recklessly!
You are too injured to fight recklessly!
Unknown command. 😮 HP[+1]
You start resting. 😕 HP[+30]
You regained 30 hp, and now have 141/166 hp.
Unknown command.
I - 4 potions of cancellation (gained 1) Key pressed, stopping explore.
Key pressed, stopping explore.
Unknown command. 😎 HP[+25]
Your hp is fully restored (166).
Agnes the Wanderer comes into view.
She is wielding a +6 lajatang of electrocution.
Agnes shouts!
Agnes hits you but does no damage.
You are electrocuted!
You barely miss Agnes.
Agnes hits you with a +6 lajatang of electrocution!!
Agnes hits you with a +6 lajatang of electrocution.
You are electrocuted! 😮 HP[-61]
You take 61 damage, and now have 105/166 hp.
MASSIVE DAMAGE!! (PAUSE)
You miss Agnes.
Agnes hits you with a +6 lajatang of electrocution!
Agnes hits you with a +6 lajatang of electrocution. 😮 HP[-17]
You take 17 damage, and now have 88/166 hp.
Unknown command.
You barely miss Agnes. You block Agnes's attack. x2 😮 HP[+1]
You slice Agnes!! Agnes hits you but does no damage.
You are electrocuted!
* * * LOW HITPOINT WARNING * * *
You block Agnes's attack. 😨 HP[-16]
You take 16 damage, and now have 73/166 hp.
You completely miss Agnes.
Agnes hits you with a +6 lajatang of electrocution!!
* * * LOW HITPOINT WARNING * * *
Agnes hits you with a +6 lajatang of electrocution!!
* * * LOW HITPOINT WARNING * * *
You are electrocuted!
* * * LOW HITPOINT WARNING * * *
😱 HP[-61]
You take 61 damage, and now have 12/166 hp.
MASSIVE DAMAGE!! (PAUSE)
You closely miss Agnes.
Agnes hits you with a +6 lajatang of electrocution.
* * * LOW HITPOINT WARNING * * *
Agnes barely misses you. 😱 HP[-4]
You take 4 damage, and now have 8/166 hp.
As you read the scroll of fear, it crumbles to dust.
You assume a fearsome visage.
Agnes resists with some effort.
Agnes says, "You dishonour your ancestors."
Agnes hits you with a +6 lajatang of electrocution!
You die...
Agnes says, "May you follow the Path of Peace in your next life."

Skill      XL: |  1  2  3  4  5  6  7  8  9 10 11 12 13 14 15 16 17 18 |
---------------+-------------------------------------------------------+-----
Axes           | 3 4 5 8 9 11 13 15 17 18 19 23 26 27 | 27.0
Fighting       | 4 5 6 7 8 9 11 12 13 15 | 15.7
Armour         | 4 5 6 7 8 10 11 12 14 | 14.5
Invocations    | 3 5 6 8 10 11 14 15 16 | 16.0
Dodging        | 3 8 |  8.6
Shields        | 6 8 |  8.0
Evocations     | 3 |  3.4

Action                     |  1- 3 |  4- 6 |  7- 9 | 10-12 | 13-15 | 16-18 || total
---------------------------+-------+-------+-------+-------+-------+-------++-------
  Melee: War axe           |   104 |   184 |   243 |   383 |       |       ||   914
         Broad axe         |       |       |       |   270 |  1098 |   823 ||  2191
         Battleaxe         |       |       |       |       |       |   385 ||   385
 Invoke: Major Destruction |       |       |       |     6 |    21 |     3 ||    30
         Lesser Servant of |       |       |       |       |     2 |       ||     2
         Greater Servant o |       |       |       |       |     1 |     1 ||     2
         Minor Destruction |       |       |       |       |    13 |       ||    13
  Evoke: Wand              |       |       |       |     6 |     1 |       ||     7
    Use: Scroll            |     5 |     2 |     6 |    10 |    13 |     7 ||    43
         Potion            |       |       |       |       |     7 |     3 ||    10
   Stab: Paralysed         |       |       |       |     4 |       |       ||     4
         Distracted        |       |       |       |       |     2 |     1 ||     3
 Armour: Scale mail        |    42 |       |       |       |       |       ||    42
         Chain mail        |    31 |   125 |   179 |   638 |  1108 |   992 ||  3073
  Dodge: Dodged            |    43 |    60 |    76 |   257 |   485 |   492 ||  1413
  Block: Buckler           |    39 |    43 |    61 |   172 |   281 |   193 ||   789
         Other             |       |       |       |       |       |    94 ||    94
         Reflection        |       |       |       |       |       |     4 ||     4

Levels and vault maps discovered:
D:1:      shiori_shiawase, layout_loops_ring, serial_bayou, serial_bayou_pond_c,
          serial_bayou_pond_a, serial_bayou_crossing, serial_bayou_pond_a,
          minmay_splitting_lines
D:2:      layout_rooms, dreamdust_princess_corridor, minivault_4
D:3:      layout_loops_ring
D:4:      layout_rooms, mainiacjoe_overflow_alcove_4, minmay_temple_entry_glass,
          gammafunk_ghost_split, nicolae_wooded_promenade
D:5:      layout_loops_ring, nemelex_dance_club_becter,
          lemuel_coloured_pillars_altar, kennysheep_minor_cross, uniq_duvessa,
          uniq_pikel, uniq_grinder, uniq_menkaure, uniq_eustachio
D:6:      layout_loops_ring, nicolae_qazlal_general_emergency,
          serial_park_tiny_2, roderic_roman_lattice, uniq_blork_the_orc,
          uniq_edmund
D:7:      layout_basic, serial_shops, shop, minmay_holes, minmay_ruffians
D:8:      layout_basic, zin_treasury,
          chequers_temple_overflow_statue_of_worship,
          nicolae_overflow_hidden_temple, erik_lair_island
D:9:      layout_roguey, amcnicky_altar_gilded, enter_bailey_5,
          minmay_diced_spiral, uniq_amaemon, uniq_grum
D:10:     minmay_cornered_nines, layout_small_grid, hangedman_decor_riveting,
          hive_lemuel
D:11:     layout_stronghold
D:12:     layout_loops_ring, minmay_orc_entry_guard_dogs,
          serial_co_window_serial, co_window_of_opportunity_a,
          co_window_paths_a, co_window_of_opportunity_a, co_window_paths_a,
          co_window_corner_a, co_window_paths_b, co_window_paths_a,
          co_window_paths_b, co_window_paths_a, co_window_of_opportunity_c,
          co_window_unsneaky_path_a, co_window_unsneaky_path_c,
          co_window_corner_b, co_window_sun, co_window_4corner_b,
          glass_columns_a, glass_columns_a, glass_columns_a
D:13:     layout_roguey, lightli_vaults_fourway_checkpoint, uniq_jorgrun,
          uniq_maurice, uniq_lodul
D:14:     lemuel_vampire_tower, layout_cave_pools, nicolae_uskayaw_en_pointe,
          nicolae_twisty_statue_hallways
D:15:     grunt_enter_depths_magical_seal, layout_long_grid,
          nzn_wu_jian_council_hall, chequers_serial_rivers_marsh,
          hangedman_cracks_in_the_wall
Temple:   dshaligram_water_room_temple
Lair:1:   layout_cave_pods, grunt_forest_stairs_basic,
          grunt_forest_small_clearings, nzn_random_ring, uniq_joseph,
          uniq_maggie, uniq_gastronok
Lair:2:   layout_gridlike, minmay_shoals_entry_beasts, serial_bayou_pond_c
Lair:3:   layout_cave_shapes, alex1729_snake_entry_snake,
          nicolae_lair_run_with_the_wolves, uniq_kirke
Lair:4:   layout_loops_ring, slime_entry_1
Lair:5:   evil_forest, layout_loops_ring
Snake:1:  layout_rooms, serial_shops, nicolae_shop_waterfront, shop, shop,
          nicolae_take_the_stairs, shop, st_stairs_11,
          nicolae_snake_dead_anacondas
Snake:2:  layout_basic, drop_trap
Snake:3:  layout_concentric_octagons, ebering_ghost_xom
Snake:4:  grunt_snake_rune_serpentine_throne, layout_cave_town, serial_shops,
          bzr_in_the_mist, nicolae_snake_serpentine_hallways,
          nicolae_snake_boneroom, grunt_megastairs_1, uniq_agnes
Orc:1:    nicolae_orc_accident_1, layout_diamond_mine, basic_altar
Orc:2:    pubby_orc_utopia, serial_shops

Notes
Turn   | Place    | Note
-------+----------+-------------------------------------------
     0 | D:1      | kae the Hill Orc Fighter began the quest for the Orb.
     0 | D:1      | Reached XP level 1. HP: 19/19 MP: 1/1
     0 | D:1      | magus.rc [v1.11.3]
   232 | D:1      | Reached skill level 3 in Axes
   336 | D:1      | Reached XP level 2. HP: 26/27 MP: 2/2
   843 | D:2      | Reached skill level 4 in Fighting
   843 | D:2      | Reached XP level 3. HP: 28/33 MP: 3/3
  1090 | D:2      | Reached skill level 4 in Axes
  1258 | D:2      | You pick up a book of Spectacle and begin reading...
  1258 | D:2      | You add the spells Volatile Blastmotes, Dazzling Flash,
                  | Starburst and Maxwell's Capacitive Coupling to your
                  | library.
  1701 | D:3      | Reached XP level 4. HP: 25/40 MP: 4/4
  1712 | D:3      | Reached skill level 4 in Armour
  1878 | D:3      | Reached skill level 5 in Axes
  2170 | D:3      | Reached XP level 5. HP: 47/47 MP: 5/5
  2493 | D:4      | Found a radiant altar of Vehumet.
  2545 | D:4      | Found Nimimoet's Jewellery Emporium.
  2547 | D:4      | Found Voidovuwk's Book Shop.
  2549 | D:4      | Found Fawuki's Magic Scroll Boutique.
  2558 | D:4      | Bought a scroll of identify for 28 gold pieces
  2558 | D:4      | Bought a scroll of fear for 56 gold pieces
  2619 | D:4      | Found a staircase to the Ecumenical Temple.
  2630 | Temple   | Entered the Ecumenical Temple
  2639 | Temple   | Became a worshipper of Makhleb the Destroyer
  2656 | D:4      | Reached skill level 5 in Fighting
  2705 | D:4      | Reached XP level 6. HP: 52/56 MP: 6/6
  2710 | D:4      | Reached skill level 6 in Axes
  2933 | D:4      | Found a runed translucent gate.
  2933 | D:4      | Found a runed translucent gate.
  2933 | D:4      | Found a runed translucent gate.
  2934 | D:4      | Noticed Flippered's ghost (amateur DEFE)
  3205 | D:5      | Entered Level 5 of the Dungeon
  3205 | D:5      | Noticed Grinder
  3206 | D:5      | Paralysed by Grinder for 3 turns
  3210 | D:5      | Noticed Menkaure
  3390 | D:5      | Reached skill level 1 in Invocations
  3527 | D:5      | Noticed Pikel
  3543 | D:5      | Killed Pikel
  3544 | D:5      | Reached skill level 6 in Fighting
  3544 | D:5      | Reached skill level 8 in Axes
  3544 | D:5      | Reached skill level 5 in Armour
  3544 | D:5      | Reached skill level 3 in Invocations
  3544 | D:5      | Reached XP level 7. HP: 48/63 MP: 6/9
  3602 | D:5      | Found a shimmering altar of Xom.
  3745 | D:5      | Killed Grinder
  3745 | D:5      | Reached * piety under Makhleb
  3746 | D:5      | Reached XP level 8. HP: 59/71 MP: 10/10
  3796 | D:5      | Found a sparkling altar of Nemelex Xobeh.
  3890 | D:5      | Reached skill level 9 in Axes
  3890 | D:5      | Reached skill level 6 in Armour
  3890 | D:5      | Reached skill level 4 in Invocations
  3951 | D:5      | Killed Menkaure
  4286 | D:5      | Reached skill level 7 in Fighting
  4364 | D:5      | Noticed Duvessa
  4364 | D:5      | Noticed Dowan
  4385 | D:5      | Killed Duvessa
  4386 | D:5      | Reached skill level 5 in Invocations
  4395 | D:5      | Killed Dowan
  4396 | D:5      | Reached XP level 9. HP: 72/79 MP: 12/12
  4458 | D:5      | Reached skill level 10 in Axes
  4517 | D:5      | Noticed Eustachio
  4536 | D:5      | Killed Eustachio
  4960 | D:6      | Noticed Edmund
  4973 | D:6      | Killed Edmund
  5212 | D:6      | Noticed Blork the orc
  5222 | D:6      | Killed Blork the orc
  5223 | D:6      | Reached skill level 7 in Armour
  5271 | D:6      | Found a stormy altar of Qazlal.
  5764 | D:6      | Reached skill level 6 in Invocations
  5775 | D:7      | Reached skill level 11 in Axes
  5829 | D:7      | Reached skill level 8 in Fighting
  6178 | D:7      | Identified the +1 glaive of Yredelemnul {flame, Will+}
  6184 | D:7      | Reached ** piety under Makhleb
  6198 | D:7      | Found Jawyotod's Assorted Antiques.
  6206 | D:7      | Bought a golden potion for 26 gold pieces
  6206 | D:7      | Bought a scroll labelled ASAEBU DUP XINU for 29 gold pieces
  6206 | D:7      | Bought a scroll of identify for 58 gold pieces
  6206 | D:7      | Bought a scroll of identify for 58 gold pieces
  6373 | D:7      | Reached XP level 10. HP: 69/90 MP: 15/15
  6377 | D:7      | Reached skill level 12 in Axes
  6377 | D:7      | Reached skill level 7 in Invocations
  6648 | D:7      | Reached skill level 8 in Armour
  7233 | D:8      | Reached skill level 9 in Fighting
  7497 | D:8      | Found a glowing silver altar of Zin.
  7574 | D:8      | Noticed a two-headed ogre
  7583 | D:8      | HP: 18/91 [two-headed ogre/+0 giant club (17)]
  7586 | D:8      | Killed a two-headed ogre
  7587 | D:8      | Reached skill level 13 in Axes
  7587 | D:8      | Reached skill level 8 in Invocations
  8342 | D:8      | Found a staircase to the Lair.
  8413 | D:8      | Found a sacrificial altar of Ru.
  8413 | D:8      | Found a basalt altar of Yredelemnul.
  8607 | D:8      | Found an ornate altar of the Wu Jian Council.
  8754 | D:9      | Reached XP level 11. HP: 99/99 MP: 17/17
  8801 | D:9      | Reached skill level 9 in Armour
  8812 | D:9      | Reached *** piety under Makhleb
  8813 | D:9      | Reached skill level 14 in Axes
  8834 | D:9      | Found a glowing golden altar of the Shining One.
  8939 | D:9      | Found a flagged portal.
  8961 | Bailey   | Entered a bailey
  9010 | Bailey   | Reached skill level 9 in Invocations
  9142 | Bailey   | Reached skill level 10 in Fighting
  9199 | Bailey   | Reached **** piety under Makhleb
  9233 | Bailey   | Identified the +2 ring mail of the Accordion {rPois Dex+3}
  9449 | D:9      | Noticed a two-headed ogre
  9458 | D:9      | Killed a two-headed ogre
  9565 | D:9      | Noticed a two-headed ogre
  9585 | D:9      | Killed a two-headed ogre
  9995 | D:9      | Noticed Amaemon
 10022 | D:9      | Killed Amaemon
 10023 | D:9      | Reached skill level 15 in Axes
 10027 | D:9      | HP: 25/101 [poisoned by Amaemon]
 10032 | D:9      | HP: 22/101 [poisoned by Amaemon]
 10276 | D:9      | Noticed Grum
 10311 | D:9      | Killed Grum
 10495 | D:9      | You pick up a book of Beasts and begin reading...
 10495 | D:9      | You add the spells Summon Ice Beast, Summon Mana Viper and
                  | Monstrous Menagerie to your library.
 10650 | D:10     | Entered Level 10 of the Dungeon
 10757 | D:10     | Reached skill level 10 in Invocations
 11378 | D:10     | Noticed an eight-headed hydra
 11468 | D:10     | Noticed a four-headed hydra
 11471 | D:10     | Killed a four-headed hydra
 11472 | D:10     | Reached skill level 10 in Armour
 11495 | D:10     | Killed an eight-headed hydra
 11496 | D:10     | Reached skill level 11 in Fighting
 11496 | D:10     | Reached XP level 12. HP: 91/110 MP: 19/19
 11581 | D:10     | You pick up a book of the Warp and begin reading...
 11581 | D:10     | You add the spells Manifold Assault, Dispersal and
                  | Disjunction to your library.
 12024 | D:11     | You pick up a book of Beasts and begin reading...
 12142 | D:11     | Reached skill level 16 in Axes
 12388 | D:11     | Reached skill level 11 in Invocations
 12713 | D:11     | Noticed a two-headed ogre
 12718 | D:11     | Killed a two-headed ogre
 12924 | Lair:1   | Entered Level 1 of the Lair of Beasts
 12952 | Lair:1   | Noticed Gastronok
 12971 | Lair:1   | Killed Gastronok
 13011 | Lair:1   | Reached skill level 17 in Axes
 13030 | Lair:1   | Reached skill level 11 in Armour
 13072 | Lair:1   | Reached skill level 12 in Fighting
 13111 | Lair:1   | Noticed Maggie
 13129 | Lair:1   | Killed Maggie
 13293 | Lair:1   | Reached XP level 13. HP: 118/118 MP: 21/21
 13560 | Lair:1   | Noticed Joseph
 13573 | Lair:1   | Killed Joseph
 13574 | Lair:1   | Reached skill level 12 in Invocations
 13843 | Lair:1   | You pick up a book of the Spheres and begin reading...
 13843 | Lair:1   | You add the spells Brom's Barrelling Boulder, Iskenderun's
                  | Battlesphere, Fireball, Conjure Ball Lightning and Orb of
                  | Destruction to your library.
 13918 | Lair:1   | Reached skill level 18 in Axes
 13987 | Lair:1   | HP: 27/119 [13-headed hydra (6)]
 14000 | Lair:1   | HP: 10/119 [cane toad (8)]
 14002 | Lair:1   | HP: 4/119 [poisoned by a cane toad]
 14971 | Lair:2   | Identified the +5 longbow "Ugha" {heavy, Fragile Int+4
                  | Dex+4}
 15011 | Lair:2   | Reached skill level 13 in Fighting
 15011 | Lair:2   | Reached skill level 12 in Armour
 15086 | Lair:2   | Found a staircase to the Shoals.
 15112 | Lair:2   | Reached ***** piety under Makhleb
 15113 | Lair:2   | Reached skill level 13 in Invocations
 15939 | Lair:3   | Noticed a blizzard demon
 15981 | Lair:3   | Noticed Kirke
 15996 | Lair:3   | Killed Kirke
 16262 | Lair:3   | Found a staircase to the Snake Pit.
 16451 | Lair:3   | Reached skill level 14 in Invocations
 16459 | Lair:2   | Reached XP level 14. HP: 130/130 MP: 24/24
 16461 | Lair:2   | Reached skill level 14 in Fighting
 16539 | Lair:3   | Reached skill level 13 in Armour
 17297 | Lair:4   | Reached skill level 15 in Invocations
 17376 | Lair:4   | Identified the +6 falchion of Zeral {vamp, Int+3}
 17424 | Lair:4   | Found a viscous altar of Jiyva.
 17425 | Lair:4   | Found a staircase to the Slime Pits.
 17468 | Lair:4   | Reached skill level 15 in Fighting
 17744 | Lair:4   | You pick up a book of Frost and begin reading...
 17744 | Lair:4   | You add the spells Freeze, Frozen Ramparts and Hailstorm to
                  | your library.
 18049 | Lair:5   | Entered Level 5 of the Lair of Beasts
 18091 | Lair:5   | Reached skill level 14 in Armour
 18104 | Lair:5   | Reached skill level 1 in Dodging
 18112 | Lair:5   | Reached skill level 4 in Shields
 18168 | Lair:5   | Identified the +1 leather armour "Vicrun" {rPois Str+7
                  | Int-4}
 18207 | Lair:5   | Reached skill level 2 in Dodging
 18542 | Lair:5   | Reached skill level 5 in Shields
 18553 | Lair:5   | Reached skill level 3 in Dodging
 18770 | Lair:5   | Reached skill level 6 in Shields
 18772 | Lair:5   | Reached XP level 15. HP: 121/141 MP: 21/26
 18931 | Lair:5   | Reached skill level 4 in Dodging
 18984 | Lair:5   | You pick up a book of Hexes and begin reading...
 18984 | Lair:5   | You add the spells Anguish, Cause Fear and Enfeeble to your
                  | library.
 19049 | Lair:5   | Reached skill level 7 in Shields
 19186 | Lair:5   | HP: 31/141 [15-headed hydra (9)]
 19576 | Lair:5   | Found a burning altar of Makhleb.
 19590 | Lair:5   | Reached skill level 5 in Dodging
 19612 | Lair:5   | Found a gateway to Hell.
 19889 | Lair:5   | Reached skill level 8 in Shields
 20403 | D:12     | Found a staircase to the Orcish Mines.
 20416 | D:12     | Reached ****** piety under Makhleb
 20443 | D:12     | You pick up a book of the Earth and begin reading...
 20443 | D:12     | You add the spells Leda's Liquefaction, Lee's Rapid
                  | Deconstruction and Bombard to your library.
 21029 | D:12     | Reached skill level 6 in Dodging
 21655 | D:13     | Noticed Maurice
 21662 | D:13     | Killed Maurice
 21821 | D:13     | Reached skill level 7 in Dodging
 21823 | D:13     | Found a gate to the Vaults.
 21852 | D:13     | HP: 28/141 [something (9)]
 21855 | D:13     | Reached skill level 8 in Dodging
 21859 | D:13     | HP: 19/141 [something (8)]
 21860 | D:13     | HP: 2/141 [something (17)]
 22169 | D:13     | Noticed Jorgrun
 22176 | D:13     | Killed Jorgrun
 22219 | D:13     | Noticed Lodul
 22241 | D:13     | Killed Lodul
 22367 | D:13     | You pick up a book of Vapours and begin reading...
 22367 | D:13     | You add the spells Poisonous Vapours, Mephitic Cloud and
                  | Freezing Cloud to your library.
 22625 | D:13     | You pick up a book of Sloth and begin reading...
 22625 | D:13     | You add the spells Petrify and Metabolic Englaciation to
                  | your library.
 22897 | D:14     | Reached skill level 19 in Axes
 23239 | D:14     | Reached XP level 16. HP: 149/149 MP: 27/27
 23435 | D:14     | Found a hide-covered altar of Uskayaw.
 23448 | D:14     | Reached skill level 20 in Axes
 23761 | D:14     | You add the spells Gell's Gravitas and Teleport Other to
                  | your library.
 23850 | D:14     | HP: 36/149 [something (7)]
 23854 | D:14     | HP: 8/149 [something (20)]
 23859 | D:14     | HP: 5/149 [something (10)]
 23869 | D:14     | HP: 36/149 [spectral deep troll (4)]
 23884 | D:14     | Reached skill level 21 in Axes
 24039 | D:14     | Found a basalt altar of Yredelemnul.
 24097 | D:14     | You pick up a book of Air and begin reading...
 24097 | D:14     | You add the spells Shock, Swiftness and Airstrike to your
                  | library.
 24476 | Orc:1    | Entered Level 1 of the Orcish Mines
 24703 | Orc:2    | Entered Level 2 of the Orcish Mines
 25108 | Orc:1    | Found a roughly hewn altar of Beogh.
 25274 | Orc:2    | Found Resaud's Jewellery Shoppe.
 25293 | Orc:2    | Found Ullag's Jewellery Emporium.
 25323 | Orc:2    | Found a roughly hewn altar of Beogh.
 25745 | Orc:2    | Paralysed by an orc sorcerer for 5 turns
 25821 | Orc:2    | Reached skill level 22 in Axes
 25941 | Orc:2    | Found a staircase to the Elven Halls.
 26005 | Orc:2    | Paralysed by an orc sorcerer for 3 turns
 26302 | Orc:2    | Found a roughly hewn altar of Beogh.
 26340 | Orc:2    | Found Courioga's Book Shoppe.
 26602 | Orc:2    | Found Ziggor's Weapon Shop.
 27371 | D:15     | Entered Level 15 of the Dungeon
 27548 | D:15     | Reached skill level 23 in Axes
 27613 | D:15     | Found an ornate altar of the Wu Jian Council.
 27788 | D:15     | Reached XP level 17. HP: 115/156 MP: 18/28
 28221 | D:15     | Reached skill level 24 in Axes
 28318 | D:15     | Found a staircase to the Depths.
 28323 | D:15     | You are cast into the Abyss!
 28323 | Abyss:2  | Cast into level 2 of the Abyss (a wizard)
 28346 | D:15     | You pass through the gate.
 28346 | D:15     | Escaped the Abyss
 28700 | Snake:1  | Entered Level 1 of the Snake Pit
 28750 | Snake:1  | You pick up a book of Necromancy and begin reading...
 28750 | Snake:1  | You add the spells Necrotise, Vampiric Draining and Agony
                  | to your library.
 28967 | D:4      | Bought a scroll of enchant weapon for 105 gold pieces
 28967 | D:4      | Bought a scroll of blinking for 105 gold pieces
 28967 | D:4      | Bought a scroll of brand weapon for 133 gold pieces
 28967 | D:4      | Bought a scroll of enchant weapon for 105 gold pieces
 28997 | D:4      | Killed Flippered's ghost
 29262 | Snake:1  | Found Yzittad's Jewellery Shoppe.
 29290 | Snake:1  | Bought the amulet of Otoulo {Reflect Will+ rCorr SH+5} for
                  | 723 gold pieces
 29374 | Snake:1  | HP: 37/156 [poisoned by a guardian serpent (bolt of
                  | poison)]
 29379 | Snake:1  | HP: 29/156 [poisoned by a guardian serpent (bolt of
                  | poison)]
 29762 | Snake:1  | Found Xilek Dyo's Antique Armour Shoppe.
 29765 | Snake:1  | You pick up a book of Necromancy and begin reading...
 29806 | Snake:1  | Found Arghinwom's General Store.
 29817 | Snake:1  | You pick up a book of the Tundra and begin reading...
 29905 | Snake:1  | Reached skill level 25 in Axes
 30068 | Snake:1  | Found Russ's Armour Shoppe.
 30072 | Snake:1  | Found Fuloxku's Magic Scroll Boutique.
 30444 | Snake:2  | You pick up a book of Hexes and begin reading...
 30479 | Snake:2  | HP: 36/156 [salamander/+0 spear of venom (15)]
 30773 | Snake:2  | Reached skill level 26 in Axes
 30773 | Snake:2  | You fall into a shaft and drop 1 floor!
 31446 | Snake:3  | Found a runed translucent door.
 31446 | Snake:3  | Found a shimmering altar of Xom.
 31446 | Snake:3  | Noticed Emari's ghost (adept TrBe)
 31570 | Snake:3  | Identified the +7 chain mail "Ukonuixkel" {Int+3}
 31730 | Snake:3  | Reached XP level 18. HP: 163/163 MP: 29/29
 31828 | Snake:3  | Reached skill level 27 in Axes
 31849 | Snake:3  | You pick up a book of Spectacle and begin reading...
 32011 | Snake:3  | Reached skill level 1 in Evocations
 32765 | Snake:4  | Entered Level 4 of the Snake Pit
 32799 | Snake:4  | Found a flickering gateway to a bazaar.
 32804 | Bazaar   | Entered a bazaar
 32809 | Bazaar   | Found Zuetaz's Antique Armour Emporium.
 32809 | Bazaar   | Found Ajeadu's Book Shop.
 32838 | Bazaar   | Found Vyduezobb's Antique Weapon Emporium.
 32846 | Bazaar   | Found Houngaq's Antique Weapon Boutique.
 33032 | Snake:4  | Reached skill level 2 in Evocations
 33312 | Snake:3  | Killed Emari's ghost
 33838 | Snake:4  | Reached skill level 3 in Evocations
 34065 | Snake:4  | Reached skill level 16 in Invocations
 34496 | Snake:4  | Noticed Agnes
 34503 | Snake:4  | HP: 27/166 [Agnes/+6 lajatang of electrocution (27)]
 34503 | Snake:4  | HP: 12/166 [Agnes/+6 lajatang of electrocution (15)]
 34505 | Snake:4  | Slain by Agnes

Vanquished Creatures
  The ghost of Emari the Brawler, an adept TrBe of Trog (Snake:3)
  Jorgrun (D:13)
  Kirke (Lair:3)
  Gastronok (Lair:1)
  A nagaraja (Snake:2)
  An orc warlord (Orc:2)
  A vampire knight (D:14)
  A dire elephant (Lair:5)
  A fire dragon (D:14)
  A rakshasa (D:14)
  4 vault guards (D:13)
  12 hydras
  A salamander tyrant (Snake:3)
  11 anacondas
  2 catoblepae
  2 death knights
  A centaur warrior (D:15)
  An ogre mage (D:15)
  8 two-headed ogres
  9 naga warriors
  8 boulder beetles
  A dancing weapon (Snake:3)
  7 shock serpents
  7 death yaks
  11 naga sharpshooters
  4 orc high priests (Orc:2)
  3 skysharks
  Amaemon (D:9)
  Lodul (D:13)
  A sixfirhy (Lair:5)
  7 skeletal warriors
  3 salamander mystics
  4 anaconda zombies (Snake:1)
  5 spectral anacondas (Snake:1)
  A wizard (D:15)
  2 anaconda skeletons (Snake:1)
  Pikel (D:5)
  3 naga ritualists
  A necromancer (D:15)
  7 orc knights
  A wolf spider (Lair:3)
  4 deep elf pyromancers
  A spectral wolf spider (D:14)
  12 ugly things
  2 wolf spider zombies
  4 mana vipers
  5 orc sorcerers
  6 manticores
  An oklob plant (Lair:5)
  10 salamanders
  2 spectral ice dragons (D:14)
  A spectral centaur (D:14)
  9 cyclopes
  22 elephants
  Joseph (Lair:1)
  Maurice (D:13)
  A smoke demon (Lair:5)
  37 black mambas
  2 gargoyles
  3 guardian serpents
  3 centaur zombies
  3 orange demons
  3 centaur skeletons
  A torpor snail (Lair:1)
  Maggie (Lair:1)
  12 cane toads
  10 naga magi
  A kobold demonologist (D:13)
  3 rime drakes
  An unseen horror (D:11)
  13 freezing wraiths
  2 efreet
  11 komodo dragons
  An ice devil (Lair:5)
  4 spectral deep trolls (D:14)
  5 yaktaurs (D:15)
  A redback zombie (D:14)
  A tengu conjurer (D:14)
  4 anaconda simulacra (Snake:1)
  A red devil (Lair:5)
  5 polar bears
  Grinder (D:5)
  A hornet (D:9)
  11 trolls
  A wind drake (Lair:2)
  9 blink frogs
  6 dream sheep
  The ghost of Flippered the Firebug, an amateur DEFE of Cheibriados (D:4)
  9 slime creatures
  5 flying skulls (D:14)
  A jumping spider (shapeshifter) (D:14)
  3 shadows
  6 wyverns
  8 vampires
  A human (shapeshifter) (D:14)
  Eustachio (D:5)
  5 wraiths
  5 humans (D:7)
  65 yaks
  3 basilisks
  5 vampire mosquitoes
  A hog (Lair:3)
  Grum (D:9)
  Menkaure (D:5)
  33 nagas
  6 wargs
  Edmund (D:6)
  2 acid dragons
  10 hell hounds
  Duvessa (D:5)
  11 water moccasins
  3 ice beasts
  A sky beast (D:7)
  3 black bears
  46 orc warriors
  A meliai simulacrum (D:14)
  31 ogres
  34 wolves
  3 centaurs
  2 lemures (D:5)
  Blork the orc (D:6)
  A kobold brigand (D:7)
  16 bullfrogs
  6 earth elementals (D:15)
  A scorpion (D:4)
  A gnoll sergeant (D:10)
  3 wights (D:8)
  Dowan (D:5)
  9 killer bees
  3 electric eels (D:8)
  8 howler monkeys
  8 vampire bats (Bailey)
  4 wolf zombies (Bailey)
  2 jellies
  5 hounds
  30 orc priests
  19 orc wizards
  3 iguanas
  A boggart skeleton (D:14)
  11 gnolls
  5 adders
  A white imp (D:6)
  An ufetubus (D:6)
  2 worms
  94 orcs
  3 ball pythons
  4 bats
  9 endoplasms
  7 giant cockroaches
  13 goblins
  5 hobgoblins
  7 jackals
  3 quokkas
  4 frilled lizards
  8 kobolds
  22 orc zombies (Bailey)
  2 rats (D:2)
1011 creatures vanquished.

Vanquished Creatures (collateral kills)
  A naga warrior (Snake:3)
  A naga sharpshooter (Snake:3)
  A shock serpent (Snake:3)
  A wizard (Lair:5)
  2 salamanders (Snake:3)
  An orange demon (Lair:5)
  A red devil (Lair:5)
  3 nagas (Snake:3)
11 creatures vanquished.

Vanquished Creatures (others)
  2 humans (Lair:3)
  An orc priest (Orc:2)
3 creatures vanquished.

Grand Total: 1025 creatures vanquished

Table legend:
 A = Non-vault XP
 B = Vault XP
 C = Vault XP percentage of total XP
 D = Non-vault monster count
 E = Vault monster count
 F = Vault count percentage of total count
                 A         B        C        D         E       F
            +---------+---------+-------+---------+---------+-------
      Total |  166009 |  114754 |  40.9 |     582 |     438 |  42.9
            +---------+---------+-------+---------+---------+-------
        D:1 |      24 |       0 |   0.0 |      13 |       0 |   0.0
        D:2 |      44 |       0 |   0.0 |      18 |       0 |   0.0
        D:3 |      99 |       0 |   0.0 |      18 |       0 |   0.0
        D:4 |     260 |     241 |  48.1 |      20 |       4 |  16.7
        D:5 |     519 |    1674 |  76.3 |      17 |       8 |  32.0
        D:6 |     604 |     264 |  30.4 |      18 |       2 |  10.0
        D:7 |    1004 |    1006 |  50.0 |      24 |       5 |  17.2
        D:8 |    3058 |     578 |  15.9 |      24 |       6 |  20.0
        D:9 |    1515 |    3436 |  69.4 |       7 |      16 |  69.6
       D:10 |    1321 |    1910 |  59.1 |      11 |       3 |  21.4
       D:11 |    5476 |       0 |   0.0 |      11 |       0 |   0.0
       D:12 |    3320 |     485 |  12.7 |      14 |       3 |  17.6
       D:13 |    6494 |   11414 |  63.7 |      15 |      22 |  59.5
       D:14 |   10053 |   15876 |  61.2 |      22 |      47 |  68.1
       D:15 |   16444 |    7577 |  31.5 |      37 |      20 |  35.1
     Lair:1 |    7248 |    9292 |  56.2 |      32 |      20 |  38.5
     Lair:2 |    7521 |     816 |   9.8 |      36 |       2 |   5.3
     Lair:3 |   10768 |    4110 |  27.6 |      26 |      15 |  36.6
     Lair:4 |   10510 |       0 |   0.0 |      33 |       0 |   0.0
     Lair:5 |   15313 |   10718 |  41.2 |      46 |      25 |  35.2
    Snake:1 |    8305 |   10470 |  55.8 |      20 |      18 |  47.4
    Snake:2 |   16898 |       0 |   0.0 |      29 |       0 |   0.0
    Snake:3 |   28099 |    2695 |   8.8 |      54 |       2 |   3.6
    Snake:4 |    9944 |    8702 |  46.7 |      21 |      17 |  44.7
      Orc:1 |    1168 |     541 |  31.7 |      16 |       4 |  20.0
      Orc:2 |       0 |   21516 | 100.0 |       0 |     163 | 100.0
     Bailey |       0 |    1433 | 100.0 |       0 |      36 | 100.0
            +---------+---------+-------+---------+---------+-------

Skill      XL: |  1  2  3  4  5  6  7  8  9 10 11 12 13 14 15 16 17 18 |
---------------+-------------------------------------------------------+-----
Axes           | 3 4 5 8 9 11 13 15 17 18 19 23 26 27 | 27.0
Fighting       | 4 5 6 7 8 9 11 12 13 15 | 15.7
Armour         | 4 5 6 7 8 10 11 12 14 | 14.5
Invocations    | 3 5 6 8 10 11 14 15 16 | 16.0
Dodging        | 3 8 |  8.6
Shields        | 6 8 |  8.0
Evocations     | 3 |  3.4

Action                     |  1- 3 |  4- 6 |  7- 9 | 10-12 | 13-15 | 16-18 || total
---------------------------+-------+-------+-------+-------+-------+-------++-------
  Melee: War axe           |   104 |   184 |   243 |   383 |       |       ||   914
         Broad axe         |       |       |       |   270 |  1098 |   823 ||  2191
         Battleaxe         |       |       |       |       |       |   385 ||   385
 Invoke: Major Destruction |       |       |       |     6 |    21 |     3 ||    30
         Lesser Servant of |       |       |       |       |     2 |       ||     2
         Greater Servant o |       |       |       |       |     1 |     1 ||     2
         Minor Destruction |       |       |       |       |    13 |       ||    13
  Evoke: Wand              |       |       |       |     6 |     1 |       ||     7
    Use: Scroll            |     5 |     2 |     6 |    10 |    13 |     7 ||    43
         Potion            |       |       |       |       |     7 |     3 ||    10
   Stab: Paralysed         |       |       |       |     4 |       |       ||     4
         Distracted        |       |       |       |       |     2 |     1 ||     3
 Armour: Scale mail        |    42 |       |       |       |       |       ||    42
         Chain mail        |    31 |   125 |   179 |   638 |  1108 |   992 ||  3073
  Dodge: Dodged            |    43 |    60 |    76 |   257 |   485 |   492 ||  1413
  Block: Buckler           |    39 |    43 |    61 |   172 |   281 |   193 ||   789
         Other             |       |       |       |       |       |    94 ||    94
         Reflection        |       |       |       |       |       |     4 ||     4

Illustrated notes

Table legend:
 A = Kills in this place as a percentage of kills in the entire game.
 B = Kills by you in this place as a percentage of kills by you in the entire game.
 C = Kills by friends in this place as a percentage of kills by friends in the entire game.
 D = Other kills in this place as a percentage of other kills in the entire game.
 E = Experience gained in this place as a percentage of experience gained in the entire game.
 F = Experience gained in this place divided by the number of levels of this place that you have seen.
                   A       B       C       D       E      F
               +-------+-------+-------+-------+-------+----------------------
         Total | 100.0 | 100.0 | 100.0 |   N/A | 100.0 | 9358.8
       Dungeon |  39.7 |  40.1 |   0.0 |   N/A |  33.7 | 6313.1
          Lair |  23.0 |  23.0 |  27.3 |   N/A |  27.2 | 15259.2
     Snake Pit |  15.8 |  15.2 |  72.7 |   N/A |  30.3 | 21278.2
  Orcish Mines |  17.9 |  18.1 |   0.0 |   N/A |   8.3 | 11612.5
        Bailey |   3.5 |   3.6 |   0.0 |   N/A |   0.5 | 1433.0
               +-------+-------+-------+-------+-------+----------------------

Table legend: (Time is in decaauts)
 A = Elapsed time spent in this place.
 B = Non-inter-level travel time spent in this place.
 C = Inter-level travel time spent in this place.
 D = Time resting spent in this place.
 E = Time spent auto-exploring this place.
 F = Levels seen in this place.
 G = Mean time per level.
                   A        B        C        D        E       F      G
               +--------+--------+--------+--------+--------+-----+--------+
         Total |  34043 |  31707 |   2336 |   2491 |  23525 |  30 | 1134.8 |
       Dungeon |  18239 |  16789 |   1450 |   1488 |  12511 |  15 | 1215.9 |
        Temple |     18 |      9 |      9 |      0 |      0 |   1 |   18.0 |
          Lair |   7222 |   6657 |    565 |    452 |   4972 |   5 | 1444.4 |
     Snake Pit |   5280 |   5107 |    173 |    527 |   3756 |   4 | 1320.0 |
  Orcish Mines |   2715 |   2577 |    138 |     24 |   1993 |   2 | 1357.5 |
         Abyss |     22 |     22 |      0 |      0 |     13 |   1 |   22.0 |
        Bazaar |     84 |     84 |      0 |      0 |     47 |   1 |   84.0 |
        Bailey |    460 |    460 |      0 |      0 |    233 |   1 |  460.0 |
               +--------+--------+--------+--------+--------+-----+--------+

Top non-repeatable levels by time:
   Orc:2: 2153 daAuts
  Lair:1: 1988 daAuts
     D:8: 1957 daAuts
  Lair:5: 1872 daAuts
 Snake:3: 1865 daAuts
     D:5: 1696 daAuts
    D:14: 1645 daAuts
     D:9: 1487 daAuts
    D:13: 1346 daAuts
    D:11: 1261 daAuts
  Lair:2: 1255 daAuts
  Lair:3: 1251 daAuts
    D:12: 1241 daAuts
 Snake:2: 1200 daAuts
     D:7: 1146 daAuts
